 Dungeon Crawl Stone Soup version 0.28.0-47-ge53b351184 (webtiles) character file.

Game seed: 17519647026947432873

5 hawla the Scratcher (level 1, -2/9 HPs)
             Began as a Felid Transmuter on May 2, 2022.
             Slain by a goblin
             ... wielding a +0 dagger
              (3 damage)
             ... on level 1 of the Dungeon.
             The game lasted 00:01:08 (361 turns).

hawla the Scratcher (Felid Transmuter)               Turns: 361, Time: 00:01:09

Health: -2/9       AC:  1    Str:  6    XL:     1   Next: 66%
Magic:  3/4        EV: 14    Int: 14    God:
Gold:   14         SH:  0    Dex: 16    Spells: 3/4 levels left
                                        Lives:  0   Deaths: 0

rFire   . . .      SeeInvis +     - Unarmed
rCold   . . .      Faith    .   (shield unavailable)
rNeg    . . .      Spirit   .   (armour unavailable)
rPois   .          Reflect  .   (helmet unavailable)
rElec   .          Harm     .   (cloak unavailable)
rCorr   .          Rampage  .   (gloves unavailable)
Will    .....                   (boots unavailable)
Stlth   +.........              (no amulet)
HPRegen 0.03/turn               (no ring)
MPRegen 0.09/turn               (no ring)

@: appendages (expiring), constricted, quick
A: horns 2, very small, claws 1, fangs 3, see invisible, speed 1, shaggy fur 1,
stealthy paws, no weapons or thrown items, no armour, multi-lived
a: End Transformation


You were on level 1 of the Dungeon.
You had temporarily grown beastly horns.
You visited 1 branch of the dungeon, and saw 1 of its levels.

You collected 14 gold pieces.

You aren't carrying anything.


   Skills:
 + Level 1.0 Fighting
 + Level 2.7 Dodging
 + Level 3.2 Unarmed Combat
 + Level 2.1 Spellcasting
 + Level 2.2 Transmutations


You had 3 spell levels left.
You knew the following spells:

 Your Spells              Type           Power      Damage    Failure   Level
a - Beastly Appendage     Tmut           14%        N/A       10%         1

Your spell library contained the following spells:

 Spells                   Type           Power      Damage    Failure   Level
 Wereblood                Tmut           7%         N/A       14%         2
 Spider Form              Tmut/Pois      4%         N/A       41%         3
 Ice Form                 Ice/Tmut       4%         N/A       83%         4


Dungeon Overview and Level Annotations

Branches:
Dungeon (1/15)

Altars:

Shops:
D:1 (


Innate Abilities, Weirdness & Mutations

You have temporarily grown beastly horns.
You have sharp claws.
You have razor-sharp teeth.
You have supernaturally acute eyesight. (SInv)
You cover ground quickly. (Speed+)
You are covered in fur. (AC +1)
Your paws help you pounce on unaware monsters.
You are incapable of wielding weapons or throwing items.
You cannot wear armour.
You gain extra lives every three experience levels.


Message History

The goblin is moderately wounded.
The goblin misses you.
You closely miss the goblin. You scratch the goblin.
You kill the goblin!
Your transformation is almost over.
A frilled lizard comes into view.
The frilled lizard moves out of view.
You see here a +3 dagger.
You start resting.
Magic restored.
Your horns disappear.
A frilled lizard is nearby!
A frilled lizard is nearby!
A frilled lizard is nearby!
There is a stone staircase leading down here.
You start resting.
HP restored.
You now have 14 gold pieces (gained 9).
A goblin comes into view. It is wielding a +0 dagger.
A ball python comes into view.
The goblin shouts!
The ball python hisses angrily.
The ball python closely misses you. The ball python completely misses you.
The goblin completely misses you.
Casting: Beastly Appendage (safe; 10% risk of failure)
Confirm with . or Enter, or press ? or * to list all spells.
You grow a pair of large bovine horns.
The ball python misses you. The ball python grabs you.
The ball python constricts you. The goblin hits you with a +0 dagger.
The ball python's grasp on you weakens, but your attempt to escape fails.
Your transformation is almost over.
The ball python bites you. The ball python constricts you.
* * * LOW HITPOINT WARNING * * *
The goblin barely misses you.
You scratch the goblin.
The goblin is heavily wounded.
The ball python closely misses you. The ball python constricts you.
* * * LOW HITPOINT WARNING * * *
The goblin hits you with a +0 dagger.
You die...

........).###..###...#
...........###..##...#
##............#.##...#
#..................##
###.........########..#
............#### ##..#
#............... .>.
###.........##### ###
.......@....#
###...gS....#
#.........# ##.......##
##.....## #######


You could see a goblin and a ball python.

Vanquished Creatures
  3 goblins (D:1)
  A bat (D:1)
  A frilled lizard (D:1)
5 creatures vanquished.

Notes
Turn   | Place    | Note
-------+----------+-------------------------------------------
     0 | D:1      | hawla the Felid Transmuter began the quest for the Orb.
     0 | D:1      | Reached XP level 1. HP: 9/9 MP: 4/4
     9 | D:1      | Found Igaoroan's Antique Weapon Shoppe.
   361 | D:1      | Slain by a goblin

Illustrated notes

Levels and vault maps discovered:
D:1:      dpeg_arrival_simpleton_c, layout_rooms, serial_shops,
          nicolae_shop_trees

Action                   || total
-------------------------++-------
Melee: Unarmed           ||    13
       Headbutt          ||     1
 Cast: Beastly Appendage ||     4
Armor: Skin              ||     1
Dodge: Dodged            ||    15
